 Dungeon Crawl Stone Soup version 0.28-a0-834-g1a73be5ee4 (webtiles) character file.

Game seed: 16471087509987965980

44 Nixze the Chopper (level 3, -3/31 HPs)
             Began as a Minotaur Berserker on Nov 11, 2021.
             Was a Follower of Trog.
             Slain by Sigmund (9 damage)
             ... on level 2 of the Dungeon.
             The game lasted 00:01:50 (1675 turns).

Nixze the Chopper (Minotaur Berserker)              Turns: 1675, Time: 00:01:51

Health: -3/31      AC:  5    Str: 22    XL:     3   Next: 39%
Magic:  2/2        EV: 11    Int:  4    God:    Trog [*.....]
Gold:   90         SH:  0    Dex:  9    Spells: 2/2 levels left

rFire   . . .      SeeInvis .   a - +0 hand axe
rCold   . . .      Faith    .   (no shield)
rNeg    . . .      Spirit   .   h - +0 ring mail
rPois   .          Reflect  .   (helmet restricted)
rElec   .          Harm     .   (no cloak)
rCorr   .          Rampage  .   (no gloves)
Will    .....                   (no boots)
Stlth   ..........              (no amulet)
HPRegen 0.10/turn               (no ring)
MPRegen 0.08/turn               (no ring)

@: brilliant, lethally poisoned (-3 -> -11)
A: horns 2, retaliatory headbutt
a: Renounce Religion, Berserk


You were on level 2 of the Dungeon.
You worshipped Trog.
Trog was aware of your devotion.
You visited 1 branch of the dungeon, and saw 2 of its levels.

You collected 90 gold pieces.

Inventory:

Hand Weapons
 a - a +0 hand axe (weapon)
Missiles
 e - 70 stones (quivered)
 g - 14 poisoned darts
Armour
 h - a +0 ring mail (worn)
Scrolls
 b - a scroll of enchant armour {unknown}
 c - a scroll of silence {unknown}
 j - a scroll of identify {unknown}
Potions
 f - a potion of heal wounds {unknown}
 i - a potion of degeneration {unknown}
 k - a potion of haste {unknown}
 l - a potion of lignification {unknown}


   Skills:
 - Level 3.6 Fighting
 + Level 5.4 Axes
 - Level 2.4 Armour
 - Level 2.1 Dodging


You had 2 spell levels left.
You didn't know any spells.
Your spell library was empty.

Dungeon Overview and Level Annotations

Branches:
Dungeon (2/15)

Altars:

Annotations:
D:2 Sigmund


Innate Abilities, Weirdness & Mutations

You have a pair of horns on your head.
You reflexively headbutt those who attack you in melee.


Message History

A nearby plant withers and dies. x3; Something bites the plant!
The plant begins to die.
Something hits the plant.
The plant looks as sick as possible!
A nearby plant withers and dies. x2; The ball python bites you.
The ball python grabs you. The ball python constricts you.
The ball python barely misses you. You furiously retaliate!
You headbutt the ball python!
You kill the ball python!
Trog accepts your kill. The adder bites you but does no damage.
Something bites the plant.
The adder barely misses you. The adder closely misses you.
The worm bites the plant!
A nearby plant withers and dies.
The adder bites you but does no damage.
You closely miss the adder. Your headbutt misses the adder.
The adder bites you.
You hit the adder. Your headbutt misses the adder.
The adder is moderately wounded.
The adder bites you. x2
You closely miss the adder. Your headbutt misses the adder.
The adder is moderately wounded.
The adder bites you.
You slash the adder!
You kill the adder!
Trog accepts your kill.
You hear some strange, mumbled words.
A puff of flame appears from out of thin air!
The puff of flame hits you.
You barely miss something. You headbutt something!
You hear some strange, mumbled words.
A puff of flame appears from out of thin air!
The puff of flame misses you.
You hit something. Something hits you!
* * * LOW HITPOINT WARNING * * *
You are lethally poisoned!
It was a potion of brilliance.
You feel clever all of a sudden.
* * * LOW HITPOINT WARNING * * *
You feel very sick. Something hits you!
You die...

........)...............
#####...####.........###
{.# ##### ##'########
.#≈≈ #.# #########≈P.P
#######.###......P.≈≈
..........+....≈≈≈≈≈♣
#######.### ..PPP≈♣
#.######PP≈≈♣
#...@{†.P≈≈≈♣
#######.w≈≈♣♣≈♣
##P≈≈≈≈≈♣ ##†≈≈P≈≈♣
......P≈≈♣ ########P..P
#..P ... ..


You could see a worm.

Vanquished Creatures
  2 adders (D:2)
  3 endoplasms
  A giant cockroach (D:1)
  2 goblins
  3 hobgoblins (D:1)
  3 kobolds (D:1)
  A quokka (D:1)
  2 ball pythons (D:2)
  3 bats
  2 frilled lizards
  4 rats
26 creatures vanquished.

Vanquished Creatures (others)
  10 plants
10 creatures vanquished.

Grand Total: 36 creatures vanquished

Notes
Turn   | Place    | Note
-------+----------+-------------------------------------------
     0 | D:1      | Nixze the Minotaur Berserker began the quest for the Orb.
     0 | D:1      | Reached XP level 1. HP: 19/19 MP: 0/0
    47 | D:1      | Reached skill level 4 in Axes
   500 | D:1      | Reached XP level 2. HP: 26/26 MP: 1/1
  1621 | D:2      | Reached skill level 5 in Axes
  1621 | D:2      | Reached XP level 3. HP: 29/31 MP: 2/2
  1655 | D:2      | Noticed Sigmund
  1675 | D:2      | Slain by Sigmund

Illustrated notes

Levels and vault maps discovered:
D:1:      giann_bridges, layout_basic, minmay_door_square
D:2:      layout_basic, basic_altar, serial_bayou, serial_bayou_pond_d,
          serial_bayou_shore_a, serial_bayou_shore_b, serial_bayou_lagoon_a,
          uniq_sigmund

Skill      XL: |  1  2 |
---------------+-------+-----
Axes           | 4 5 |  5.4
Fighting       | |  3.6
Armour         | |  2.4
Dodging        | |  2.1

Action                   || total
-------------------------++-------
Melee: Hand axe          ||    51
       Headbutt          ||     6
  Use: Potion            ||     1
 Stab: Sleeping          ||     1
Armor: Animal skin       ||     3
       Ring mail         ||    11
Dodge: Dodged            ||    28

Table legend: (Time is in decaauts)
 A = Elapsed time spent in this place.
 B = Non-inter-level travel time spent in this place.
 C = Inter-level travel time spent in this place.
 D = Time resting spent in this place.
 E = Time spent auto-exploring this place.
 F = Levels seen in this place.
 G = Mean time per level.
                   A        B        C        D        E       F      G
               +--------+--------+--------+--------+--------+-----+--------+
         Total |   1682 |   1556 |    126 |      0 |   1369 |   2 |  841.0 |
       Dungeon |   1682 |   1556 |    126 |      0 |   1369 |   2 |  841.0 |
               +--------+--------+--------+--------+--------+-----+--------+

Top non-repeatable levels by time:
     D:1: 1338 daAuts
     D:2: 343 daAuts
